[Event "*** Titled Tuesday Blitz"]
[Site "Chess.com"]
[Date "2020.04.07"]
[Round "9"]
[White "jaskol95"]
[Black "florianschwabeneder"]
[Result "0-1"]
[WhiteElo "2385"]
[BlackElo "2522"]
[TimeControl "180+1"]
[EndTime "14:48:25 PDT"]
[Termination "florianschwabeneder won by resignation"]

1. d4 c5 2. d5 Nf6 3. Nc3 d6 4. e4 g6 5. Nf3 Bg7 6. Bc4 O-O 7.
O-O Na6 8. Re1 Nc7 9. a4 b6 10. Bg5 a6 11. Qd2 Bb7 12. Bh6 Qd7 13. Rad1 b5 14.
axb5 axb5 15. Bd3 b4 16. Ne2 c4 17. Bxg7 cxd3 18. Bxf8 dxe2 19. Rxe2 Rxf8 20. Qxb4 Na6 21. Qd4 Qc7 22. e5 dxe5 23. Qxe5 Qxe5 24. Rxe5 Rc8 25.
c3 Nc5 26. d6 e6 27. h3 Nfd7 28.
Re3 Na4 29. Rd2 Rc5 30. Nd4 Nab6 31. b3 Rd5 32. c4 Rxd6 33. Red3 Nc5 34. Re3 Na6 35.
Nf3 Rxd2 36. Nxd2 Kf8 37. Kf1 Ke7 38. h4 h5 39. g3 Nb4 40. Ke2 Nd7 41. Ne4 Bxe4 42.
Rxe4 Nc5 43. Re3 Kd6 44. Kd2 f5 45. Kc3 Nc6 46. b4 Ne4+ 47. Kb3 Nd2+ 48. Kc3 Ne4+ 49. Kb3 Nxf2 50. b5 Nd4+ 51. Kc3 e5 52. b6 Ne4+ 53.
Kb4 Kc6 54. c5 Nxc5 55. Rxe5 Nd7 56. Re7 Nxb6 57. Rg7 Nd5+ 58. Kc4 Ne6 59. Rxg6 Kd6 60. Kd3 Ke5 61. Ke2 Ndf4+ 62. gxf4+ Nxf4+ 63. Kf3 Nxg6 64.
Kg3 f4+ 0-1

[Event "*** Titled Tuesday Blitz"]
[Site "Chess.com"]
[Date "2020.04.07"]
[Round "9"]
[White "garfield_pg"]
[Black "steepedgames"]
[Result "1/2-1/2"]
[WhiteElo "2242"]
[BlackElo "2436"]
[TimeControl "180+1"]
[EndTime "14:48:33 PDT"]
[Termination "Game drawn by repetition"]

1. e4 e6 2. d4 d5 3. Nc3 Nf6 4. Bg5 Bb4 5. e5 h6 6. Bd2 Bxc3 7. bxc3 Ne4 8. Qg4 g6 9. Bd3 Nxd2 10. Kxd2 c5 11. dxc5 Nc6 12. Nf3 Qe7 13. Qf4 Qxc5 14. Nd4 Nxd4 15. cxd4 Qb4+ 16. c3 Qe7 17. Bb5+ Bd7 18.
Bxd7+ Kxd7 19. Rhb1 b6 20. a4 Rab8 21. a5 b5 22. a6 Rb6 23. Ra5 Rhb8 24. Rb4 g5 25. Qf3 Kc6 26. Qh5 Rh8 27. g3 f5 28. Qe2 Rhb8 29. Qh5 Qg7 30. Qe2 g4 31. Kd3 h5 32.
Qe3 Rg8 33. Kd2 Qg5 34. Kd3 h4 35. Qxg5 Rxg5 36. Ke3 hxg3 37. hxg3 Rh5 38. Rb1 Rh2 39. Ra2 Kd7 40. Ra5 Kc6 41. Ra2 Rh7 42. Ra5 Rc7 43.
Kd3 Rc8 44. Rb2 Rcb8 45. Rb1 b4 46. Rc5+ Kd7 47. c4 dxc4+ 48. Kxc4 Rxa6 49. d5 exd5+ 50. Rxd5+ Ke6 51. Rh1 Rc6+ 52. Kd4 Rcc8 53. Rh6+ Kf7 54. Rd7+ Kg8 55. Rhh7 Rd8 56. Rg7+ Kf8 57. Rf7+ Ke8 58. Re7+ Kf8 59. Rf7+ Kg8 60. Rg7+ Kh8 61. Rh7+ Kg8 62. Rg7+ 1/2-1/2

[Event "*** Titled Tuesday Blitz"]
[Site "Chess.com"]
[Date "2020.04.07"]
[Round "9"]
[White "joppie2"]
[Black "Gabix_94"]
[Result "1/2-1/2"]
[WhiteElo "3009"]
[BlackElo "2894"]
[TimeControl "180+1"]
[EndTime "14:48:34 PDT"]
[Termination "Game drawn by repetition"]

1. e4 e5 2. Nf3 Nc6 3. Bc4 Nf6 4. O-O Nxe4 5. Qe2 d5 6. Bb5 Bd6 7. c4 Be6 8. b4 O-O 9. c5 Be7 10. Bxc6 bxc6 11. d3 Nf6 12. Nxe5 Qe8 13. d4 a5 14.
bxa5 Rxa5 15. Nc3 Qa8 16. a4 Re8 17. Bf4 Nd7 18. Nxd7 Bxd7 19. Bxc7 Bd8 20. Bxa5 Rxe2 21. Bxd8 Rc2 22. Bc7 Rxc3 23. Rfb1 Qa6 24. Rb6 Qe2 25. Rb8+ Be8 26. h3 h6 27. a5 Rc2 28. Bg3 Kh7 29. a6 Ra2 30. Rxa2 Qxa2 31. Rxe8 Qxa6 32. Re7 Qa1+ 33. Kh2 Qxd4 34. Rxf7 Qxc5 35. Be5 Kg6 36. Rxg7+ Kf5 37. f4 Ke4 38. Rh7 d4 39. Rxh6 d3 40. Bd6 Qd5 41. Bb4 d2 42. Bxd2 Qxd2 43. Rxc6 Qxf4+ 44. Kh1 Kd5 45. Rc3 Qd2 46. Rf3 Ke4 47.
Kh2 Qd6+ 48. Kh1 Qh6 49. Rf1 Ke3 50. Rf3+ Ke2 51. Rf7 Qc1+ 52. Kh2 Qc5 53. Rf3 Qe5+ 54. Kh1 Qd6 55. Kg1 Qb6+ 56. Kh1 Qb1+ 57. Kh2 Qb8+ 58. Kg1 Qd6 59. Rf5 Qd4+ 60. Kh1 Qa1+ 61. Kh2 Qh8 62. g4 Qd4 63. Kg2 Qe4+ 64. Kg3 Qe7 65. Rf2+ Ke3 66. Rf3+ Ke2 67. Rf2+ Ke1 68. Rf5 Ke2 69. h4 Qe3+ 70. Kh2 Qe4 71. Kh3 Qh1+ 72.
Kg3 Qg1+ 73. Kf4 Qd4+ 74. Kg5 Qg7+ 75. Kh5 Qh7+ 76. Kg5 Qg7+ 77. Kf4 Qd4+ 78. Kg5 Qg7+ 1/2-1/2

[Event "*** Titled Tuesday Blitz"]
[Site "Chess.com"]
[Date "2020.04.07"]
[Round "9"]
[White "NMZanette"]
[Black "ChessBitl"]
[Result "1-0"]
[WhiteElo "2185"]
[BlackElo "2273"]
[TimeControl "180+1"]
[EndTime "14:48:34 PDT"]
[Termination "NMZanette won by checkmate"]

1. e4 c5 2. Nf3 Nc6 3. Bb5 Qc7 4.
Nc3 e6 5. O-O Be7 6. Re1 a6 7. Bf1 d6 8. a4 Nf6 9. d4 cxd4 10.
Nxd4 O-O 11. g3 b6 12. Nxc6 Qxc6 13. e5 Bb7 14. f3 dxe5 15. Bg2 Rfd8 16. Qe2 e4 17.
Nxe4 Nxe4 18. fxe4 e5 19. Kh1 f6 20. Be3 Rac8 21. c3 Bc5 22. Qc4+ Kf8 23. Bxc5+ Qxc5 24. Qxc5+ Rxc5 25. Red1 Rcc8 26. Kg1 Ke7 27. Kf2 Rc4 28. Rxd8 Kxd8 29. Ke3 Bc6 30. a5 b5 31. Kd3 f5 32.
Re1 Ra4 33. Re2 b4 34. c4 f4 35. gxf4 exf4 36. e5 Bxg2 37. Rxg2 g6 38. Rg4 Rxa5 39. Kd4 Ra2 40. Rg2 a5 41. Kc5 Ke7 42. Kb5 g5 43. c5 Ra1 44. c6 f3 45. Rf2 g4 46.
Rc2 Kd8 47. Kb6 Kc8 48. Rd2 Rc1 49. e6 Re1 50. Rd6 f2 51. c7 Rxe6 52. Rxe6 f1=Q 53. Re8+ Kd7 54. c8=Q+ Kd6 55. Qc6# 1-0

[Event "*** Titled Tuesday Blitz"]
[Site "Chess.com"]
[Date "2020.04.07"]
[Round "9"]
[White "zmeeed67"]
[Black "tacticthunder"]
[Result "0-1"]
[WhiteElo "2385"]
[BlackElo "2529"]
[TimeControl "180+1"]
[EndTime "14:48:35 PDT"]
[Termination "tacticthunder won by checkmate"]

1. d4 Nf6 2. c4 e6 3. Nc3 Bb4 4. f3 O-O 5. e4 c5 6. d5 d6 7. Ne2 b5 8. Ng3 bxc4 9. Bxc4 Ba6 10.
Bxa6 Nxa6 11. O-O Nc7 12. dxe6 fxe6 13. a3 Ba5 14. e5 dxe5 15. Qe2 Ncd5 16. Qxe5 Re8 17.
Nce4 Bc7 18. Qg5 h6 19. Qd2 Be5 20. Kh1 Qb6 21. Rb1 Rad8 22. Qe2 a6 23. Bd2 Bd4 24.
b4 cxb4 25. Bxb4 Nxb4 26. Rxb4 Qa7 27. Nxf6+ Bxf6 28. Ne4 Bd4 29. Rfb1 Rd7 30. h3 Qa8 31. Rd1 e5 32. Rdb1 a5 33. Rb5 Kh8 34. a4 Qa7 35.
Ng3 Qc7 36. Qe4 Rf8 37. Nf5 Qc8 38. Nh4 Re8 39. Ng6+ Kg8 40. Rd5 Qc6 41. Rxd7 Qxd7 42. Nh4 Qf7 43. Rb7 Re7 44. Rxe7 Qxe7 45. Qa8+ Kf7 46.
Nf5 Qc7 47. Nxd4 exd4 48. Qd5+ Kf6 49. Qxd4+ Kg6 50. Qe4+ Kf7 51. h4 h5 52. g3 g6 53. Kg2 Qc3 54. Qd5+ Kg7 55. Qb5 Qd2+ 56. Kh3 Qe1 57. Qd5 Qh1# 0-1

[Event "*** Titled Tuesday Blitz"]
[Site "Chess.com"]
[Date "2020.04.07"]
[Round "9"]
[White "Hanging_pointer"]
[Black "yarosavich"]
[Result "1/2-1/2"]
[WhiteElo "2544"]
[BlackElo "2727"]
[TimeControl "180+1"]
[EndTime "14:48:40 PDT"]
[Termination "Game drawn by repetition"]

1. d4 d5 2. c4 e6 3. Nf3 Nf6 4. Nc3 c5 5. cxd5 Nxd5 6. g3 Nxc3 7. bxc3 b6 8. Bg2 Bb7 9. O-O Be7 10. a4 Nc6 11.
Ba3 cxd4 12. Bxe7 Qxe7 13. cxd4 O-O 14. e3 Rfd8 15. Qe2 e5 16. dxe5 Nxe5 17. Nxe5 Bxg2 18. Kxg2 Qxe5 19. Rfd1 Rac8 20. Qf3 Qe7 21. Rxd8+ Rxd8 22. h4 g6 23. h5 Qe5 24. Rh1 Qd5 25. h6 Qxf3+ 26.
Kxf3 f6 27. Rc1 Rd7 28. Rc8+ Kf7 29. Rh8 Ke6 30. Kf4 g5+ 31. Kg4 Rb7 32. e4 Ke5 33. f3 Ke6 34. f4 gxf4 35. gxf4 a6 36. f5+ Ke5 37. Re8+ Kd4 38. Re6 b5 39. a5 b4 40. Rb6 Re7 41. Rxb4+ Kc5 42. Rb6 Rxe4+ 43.
Kh5 Re1 44. Rxf6 Rh1+ 45. Kg5 Rg1+ 46. Kf4 Kb5 47. Rf7 Kxa5 48. Rxh7 Kb6 49. Ke5 a5 50. Rg7 Rh1 51. Kf6 Rxh6+ 52. Ke7 Rh1 53. f6 Re1+ 54. Kd7 Rf1 55. Ke7 a4 56. f7 Rxf7+ 57. Rxf7 Kc5 58.
Ke6 a3 59. Rf2 Kc4 60. Ke5 Kb3 61. Kd4 a2 62. Rf1 Kb2 63. Rf2+ Kb3 64. Rf3+ Kb2 65. Rf2+ Kb3 1/2-1/2

[Event "*** Titled Tuesday Blitz"]
[Site "Chess.com"]
[Date "2020.04.07"]
[Round "9"]
[White "Rish_97"]
[Black "BillieKimbah"]
[Result "1-0"]
[WhiteElo "2588"]
[BlackElo "2828"]
[TimeControl "180+1"]
[EndTime "14:48:40 PDT"]
[Termination "Rish_97 won on time"]

1. e4 c5 2. Nf3 Nc6 3. Bb5 g6 4. O-O Bg7 5. c3 Nf6 6. Re1 O-O 7. d4 a6 8. Bxc6 dxc6 9. h3 cxd4 10.
cxd4 c5 11. d5 b5 12. Nc3 Bb7 13. Bg5 h6 14. Bf4 Nh5 15. Be5 Nf6 16. Rc1 Rc8 17.
Qd2 Qd7 18. b3 Rfd8 19. Bf4 g5 20. Ne5 Qe8 21. Bh2 e6 22. d6 Qf8 23. Ng4 Nd7 24.
e5 h5 25. Ne3 Nxe5 26. Ned5 Ng6 27. Qxg5 exd5 28. Nxd5 Bxd5 29. Qxd5 Bd4 30. b4 Bb2 31. Rc2 Qg7 32. bxc5 Re8 33. Rce2 Rxe2 34. Rxe2 Bf6 35. d7 Rf8 36. Bc7 Nh4 37. Bg3 Ng6 38. c6 h4 39. Bd6 Qh6 40. Bxf8 Qc1+ 41. Kh2 Qf4+ 42. g3 hxg3+ 43. fxg3 Qf1 44. Qg2 Qf5 45. Bd6 Kg7 46. g4 Qd3 47. Bg3 Qc3 48. Rd2 Qxc6 49. Qxc6 Nh4 50.
Qxf6+ Kxf6 51. d8=Q+ 1-0

[Event "*** Titled Tuesday Blitz"]
[Site "Chess.com"]
[Date "2020.04.07"]
[Round "9"]
[White "Leonid_Starozhilov"]
[Black "LogoCzar"]
[Result "1-0"]
[WhiteElo "2657"]
[BlackElo "2414"]
[TimeControl "180+1"]
[EndTime "14:48:42 PDT"]
[Termination "Leonid_Starozhilov won on time"]

1. e4 e5 2. Nf3 Nc6 3. Bc4 Nf6 4. d3 Bc5 5. Be3 Bb6 6. Nc3 d6 7. h3 h6 8. a3 Be6 9. Bxe6 fxe6 10. d4 exd4 11.
Nxd4 Nxd4 12. Bxd4 e5 13. Bxb6 axb6 14. Qe2 O-O 15. O-O Qe8 16. Rad1 Qg6 17. g3 Rf7 18. Rd3 Nh5 19. Qg4 Qxg4 20. hxg4 Nf6 21. f3 Raf8 22. Rdd1 Nd7 23. Kg2 Nf6 24. a4 Ra8 25. b3 Ra5 26.
Nb5 Ne8 27. f4 Nf6 28. Kf3 Nd7 29. Ke3 Nf8 30. Rh1 Ra8 31. Rdf1 Ne6 32. g5 Raf8 33. gxh6 exf4+ 34. gxf4 Nxf4 35. hxg7 Ng2+ 36. Kd4 Rxg7 37. Rxf8+ Kxf8 38. Rg1 c5+ 39. Kc3 Ke7 40. Kb2 Ke6 41.
Nc3 Rg4 42. Nd5 Rxe4 43. Nc7+ Kd7 44. Nb5 Rg4 45. Rf1 Rg7 46. Rf6 d5 47. Rd6+ Ke7 48. Rxb6 Kf8 49. Rd6 Rg5 50. Rd7 Rg7 51.
Rxd5 Nf4 52. Rd8+ Ke7 53. Rb8 Ke6 54. Nc3 Kd6 55. Rd8+ Kc7 56. Rd1 Ne6 57. Nd5+ Kc6 58. Nc3 Rd7 59. Re1 1-0

[Event "*** Titled Tuesday Blitz"]
[Site "Chess.com"]
[Date "2020.04.07"]
[Round "9"]
[White "bait_or_mate"]
[Black "Lysiak_Poltorak"]
[Result "1/2-1/2"]
[WhiteElo "2488"]
[BlackElo "2371"]
[TimeControl "180+1"]
[EndTime "14:48:43 PDT"]
[Termination "Game drawn by stalemate"]

1. d4 Nf6 2. c4 e6 3. Nf3 Bb4+ 4. Nbd2 O-O 5. a3 Be7 6. e3 d6 7. b4 a5 8. Bb2 Nbd7 9. Be2 b6 10. O-O Bb7 11.
Qc2 c5 12. Bc3 Qc7 13. Qb2 Rfe8 14. Ne1 Bf8 15. Bf3 Bxf3 16. Nexf3 e5 17. dxe5 dxe5 18.
Ng5 h6 19. Nge4 Nxe4 20. Nxe4 axb4 21. axb4 cxb4 22. Bxb4 Qxc4 23. Bxf8 Rxf8 24. Nc3 Qe6 25. Rfd1 Nc5 26. Nd5 Rxa1 27. Qxa1 Rd8 28. Nc3 Rxd1+ 29. Qxd1 Qb3 30. Qxb3 Nxb3 31. Kf1 Nc5 32. Ke2 f6 33. Nb5 Kf7 34. f3 Ke6 35. e4 Kd7 36. Kd2 Ne6 37.
Kc3 Kc6 38. Na7+ Kc5 39. Nc8 Nf4 40. g3 Ne2+ 41. Kd3 Nd4 42. f4 b5 43. Ne7 b4 44. Ng6 Kd6 45. fxe5+ fxe5 46. Nh4 g5 47. Ng2 Nf3 48. h3 Kc5 49. Ne3 Ng1 50. h4 Nf3 51. Nf5 h5 52. hxg5 Nxg5 53. Ng7 b3 54. Nxh5 b2 55. Kc2 Kd4 56. Kxb2 Kxe4 57. Kc2 Kf3 58. Nf6 Kxg3 59. Kd3 Kf4 60. Nd5+ Kf5 61. Ne3+ Kf4 62. Nd5+ Kf3 63. Nf6 Ne6 64. Kd2 Nc5 65.
Ke1 Ne4 66. Nxe4 Kxe4 67. Ke2 Kd4 68. Kd2 e4 69. Ke2 e3 70. Ke1 Kd3 71. Kd1 e2+ 72. Ke1 Ke3 1/2-1/2

[Event "*** Titled Tuesday Blitz"]
[Site "Chess.com"]
[Date "2020.04.07"]
[Round "9"]
[White "SanQui14"]
[Black "1f3_2g41-0"]
[Result "0-1"]
[WhiteElo "2304"]
[BlackElo "2177"]
[TimeControl "180+1"]
[EndTime "14:48:46 PDT"]
[Termination "1f3_2g41-0 won by resignation"]

1. e4 c5 2. Nf3 d6 3. d4 cxd4 4. Qxd4 Nc6 5. Bb5 Nf6 6. Bg5 a6 7. Bxc6+ bxc6 8. c4 e5 9. Qd2 Be7 10. Nc3 h6 11. Be3 Be6 12. b3 Qa5 13. O-O O-O 14. Nd5 Qd8 15. Nxe7+ Qxe7 16. h3 Nxe4 17. Qc2 Bf5 18. Qe2 d5 19. Bc1 d4 20. Bb2 c5 21.
Rfe1 f6 22. Rad1 Rad8 23. Nh4 Bh7 24. Qh5 Qf7 25. Qf3 Ng5 26. Qc6 Qh5 27. g3 Nxh3+ 28.
Kg2 Nf4+ 29. Kg1 Rc8 30. Qh1 Ne2+ 31. Kf1 d3 32. Rxd3 Bxd3 33. Qd5+ Qf7 34. Qxd3 Nd4 35. Qe4 Rfd8 36. Nf5 Nxf5 37. Qxf5 Qd7 38. Qh5 Qd2 39. Bc1 Qd3+ 40. Kg1 Kh7 41. Be3 Qg6 42. Qf3 e4 43.
Qf4 f5 44. Qe5 Re8 45. Qf4 Qf6 46. g4 fxg4 47. Qxg4 Qg6 48. Qxg6+ Kxg6 49. Kg2 Kf5 50.
Kg3 g5 51. Rh1 Re6 52. Rd1 h5 53. Rd5+ Re5 54. Rd6 h4+ 55. Kg2 Re6 56. Rd5+ Re5 57. Rd6 g4 58. Rxa6 h3+ 59. Kh2 Re6 60. Ra7 Rd6 61. Rf7+ Rf6 62. Rh7 Rg6 63. Rh5+ Ke6 64. Rh7 Kd6 65. Kg3 Rf8 66. Rh5 Rf3+ 67. Kh2 g3+ 68.
fxg3 Rxe3 69. Rd5+ Kc6 70. g4 Rxg4 71. Rd2 Rg2+ 72.
Rxg2 hxg2 73. Kxg2 Re2+ 74. Kg3 Rxa2 75. Kf4 Rb2 76.
Kxe4 Rxb3 77. Kf4 Rc3 78. Kf5 Rxc4 79. Kg6 Rd4 80. Kg5 Kd5 81. Kf6 c4 82. Ke7 c3 83. Kf6 c2 84. Kf5 c1=Q 85. Kg6 Qe1 0-1

[Event "*** Titled Tuesday Blitz"]
[Site "Chess.com"]
[Date "2020.04.07"]
[Round "9"]
[White "Tomytoteph"]
[Black "narutosmith"]
[Result "1-0"]
[WhiteElo "2300"]
[BlackElo "2192"]
[TimeControl "180+1"]
[EndTime "14:48:50 PDT"]
[Termination "Tomytoteph won on time"]

1. d4 Nf6 2. Nf3 g6 3. c4 Bg7 4. Nc3 O-O 5. g3 d6 6. Bg2 Nc6 7. O-O a6 8. Bf4 Nh5 9. Bg5 h6 10. Be3 Nf6 11. Rc1 Bg4 12. b3 Rb8 13. Qd2 Kh7 14. Bf4 Nd7 15. Rfe1 Bxf3 16. exf3 Nxd4 17. Nd5 Ne6 18. Be3 c5 19. f4 f5 20. Rcd1 Rf7 21. Qd3 Nd4 22. Bxd4 Bxd4 23. Re6 Nf8 24. Re2 e6 25. Nc3 Qa5 26. Nb1 b5 27. Nd2 Qb6 28.
Nf3 bxc4 29. Qxc4 Bg7 30. Rc2 Rd7 31. Ne5 dxe5 32. Rxd7 Nxd7 33. Rd2 Nf8 34. fxe5 Bxe5 35. h4 Bf6 36. Qa4 Bd4 37. Bf3 Qd6 38. Kg2 Rd8 39. Qa5 e5 40. Rd1 e4 41. Be2 Qd5 42. Bc4 Qc6 43.
Qxd8 Qf6 44. Qc7+ Qg7 45. Qxg7+ Kxg7 46. Bxa6 Nd7 47. Bb5 Ne5 48. a4 Ng4 49. Rd2 e3 50. fxe3 Nxe3+ 51. Kf3 Nd5 52. a5 Nc7 53. Bc4 Kf6 54.
a6 Na8 55. Bd5 Nc7 56. a7 Ke5 57. a8=Q Nxa8 58. Bxa8 Kd6 59. Re2 Be5 60. Bb7 g5 61. hxg5 hxg5 62. Bc8 f4 63. g4 1-0

[Event "*** Titled Tuesday Blitz"]
[Site "Chess.com"]
[Date "2020.04.07"]
[Round "9"]
[White "LADIESGET2KNOWME"]
[Black "kai_nov"]
[Result "0-1"]
[WhiteElo "2434"]
[BlackElo "2250"]
[TimeControl "180+1"]
[EndTime "14:48:52 PDT"]
[Termination "kai_nov won by checkmate"]

1. d4 d6 2. e4 g6 3. Nc3 Bg7 4. Bg5 c6 5. Qd2 b5 6. f4 b4 7. Nce2 Nf6 8. Qe3 Qa5 9. Nf3 Ba6 10. Nc1 Bxf1 11. Rxf1 b3+ 12. c3 bxa2 13. Rxa2 Qb6 14. h3 O-O 15. Kf2 Nbd7 16. e5 Nd5 17. Qd2 h6 18. Bh4 dxe5 19. fxe5 c5 20. Ne2 cxd4 21. cxd4 Nxe5 22. Nxe5 Bxe5 23. Rfa1 Bg7 24. Ra6 Qb7 25. Kg1 e6 26. Bg3 Rfd8 27. R1a2 Nb4 28. R6a4 Nxa2 29. Rxa2 Rac8 30. Bf2 Qb3 31. Nc3 e5 32. d5 e4 33.
Rxa7 Bxc3 34. bxc3 Qxd5 35. Bd4 Rxc3 36. Bxc3 Qxd2 37.
Bxd2 Rxd2 38. Re7 f5 39. g4 Kf8 40. Re5 Rd1+ 41. Kf2 Rd2+ 42. Ke3 Rd3+ 43. Ke2 Rf3 44. gxf5 gxf5 45. h4 Kf7 46. Rc5 Kf6 47. Rc6+ Ke5 48.
h5 Kf4 49. Rxh6 Rh3 50. Kf2 Kg5 51. Rh8 Rxh5 52. Rg8+ Kf4 53. Rg2 Rh7 54. Ke2 Ra7 55. Rg8 Ra2+ 56. Kf1 Kf3 57. Ke1 f4 58. Rh8 e3 59. Rh3+ Ke4 60. Kd1 f3 61. Rh8 Ra1+ 62. Kc2 f2 63. Re8+ Kf3 64. Rf8+ Ke2 65. Rh8 f1=Q 66.
Rh2+ Qf2 67. Rxf2+ exf2 68. Kb3 Re1 69. Kc4 f1=Q 70.
Kb5 Qf3 71. Ka4 Kf2 72. Kb5 Re4 73. Ka6 Qf5 74. Kb7 Re6 75. Ka8 Qf7 76. Kb8 Re8# 0-1

[Event "*** Titled Tuesday Blitz"]
[Site "Chess.com"]
[Date "2020.04.07"]
[Round "9"]
[White "Gentlejimmy7"]
[Black "anon219"]
[Result "1-0"]
[WhiteElo "2648"]
[BlackElo "2795"]
[TimeControl "180+1"]
[EndTime "14:48:53 PDT"]
[Termination "Gentlejimmy7 won by resignation"]

1. d4 Nf6 2. g3 d5 3. Bg2 e6 4.
Nf3 c5 5. O-O cxd4 6. Nxd4 e5 7.
Nb3 Be6 8. e4 Nxe4 9. Bxe4 dxe4 10. Qxd8+ Kxd8 11. Nc3 f5 12. Bg5+ Kc8 13. a4 Nc6 14.
Rfd1 h6 15. Be3 g5 16. Nb5 f4 17. Bc5 Bxb3 18. Bxf8 Bxc2 19. Bg7 Rh7 20. Rdc1 Rxg7 21.
Rxc2 Rd7 22. Re1 a6 23. Rxe4 f3 24. Re1 Kb8 25. Na3 Kc7 26. b4 g4 27. Nc4 Nd4 28.
Rcc1 Ne2+ 29. Rxe2 fxe2 30. Nxe5+ Kd6 31. Nxd7 Kxd7 32. Re1 Re8 33. Kg2 Kd6 34. f3 Kd5 35. Kf2 Kd4 36. Rxe2 Rxe2+ 37. Kxe2 h5 38. f4 b5 39.
axb5 axb5 40. Kd2 Kc4 41. f5 Kd5 42. Kd3 Ke5 43. Ke3 Kxf5 44. Kd4 h4 45. Kc5 h3 46. Kxb5 Ke4 47. Kc4 Kf3 48. b5 Kg2 49. b6 Kxh2 50.
b7 Kg2 51. b8=Q h2 52. Qb2+ Kxg3 53. Qe5+ Kg2 54. Qe2+ Kh3 55. Qe4 g3 56. Qf3 Kh4 57.
Qg2 Kg4 58. Kd4 Kf4 59. Kd3 Kg4 60. Ke4 Kh4 61. Kf4 Kh5 62. Kxg3 1-0

[Event "*** Titled Tuesday Blitz"]
[Site "Chess.com"]
[Date "2020.04.07"]
[Round "9"]
[White "BaMBoMaTTo"]
[Black "Jospem"]
[Result "0-1"]
[WhiteElo "2741"]
[BlackElo "2921"]
[TimeControl "180+1"]
[EndTime "14:48:54 PDT"]
[Termination "Jospem won by resignation"]

1. d4 d5 2. c4 c6 3. Nf3 Nf6 4. Nc3 e6 5. Bg5 h6 6. Bh4 dxc4 7. e4 g5 8. Bg3 b5 9. Be2 Nbd7 10. d5 Nc5 11.
dxc6 Qb6 12. a4 Ncxe4 13. axb5 Bc5 14. O-O O-O 15. Bxc4 Nxg3 16. hxg3 Qc7 17. Na4 Be7 18.
Qe2 Rb8 19. Ne5 Bd6 20. f4 Kg7 21. Rad1 Ng8 22. Qd2 Bxe5 23. fxe5 Qxe5 24. Qd4 Qxd4+ 25. Rxd4 Ne7 26. Nc5 Nf5 27. Rd3 a6 28. c7 Ra8 29.
bxa6 Ra7 30. b4 Rxc7 31. Ra3 Bd7 32. Rxf5 exf5 33. Bd5 Bc6 34. Bxc6 Rxc6 35. Nd7 Ra8 36. b5 Rd6 37. Nc5 Rb6 38. Ra5 Rd6 39. Kf2 h5 40. Ke3 Re8+ 41. Kf2 Rd2+ 42. Kf1 Rd1+ 43. Kf2 Rd2+ 44. Kf1 Ree2 45. a7 Rf2+ 46. Ke1 Rde2+ 47.
Kd1 Rb2 48. Ke1 Rxg2 49. Kf1 Rgc2 50. Ra1 Rf2+ 51. Kg1 Rg2+ 52. Kf1 Rbf2+ 53. Ke1 Rb2 54. Kf1 Rh2 55. Kg1 Rbg2+ 56. Kf1 h4 57. a8=Q h3 58. Qxg2 Rxg2 59. b6 Rb2 60. b7 f4 61. Kg1 fxg3 62.
Rf1 h2+ 63. Kh1 g2+ 64. Kxh2 gxf1=Q+ 0-1

[Event "*** Titled Tuesday Blitz"]
[Site "Chess.com"]
[Date "2020.04.07"]
[Round "9"]
[White "dennisodessa"]
[Black "talman67"]
[Result "0-1"]
[WhiteElo "2324"]
[BlackElo "2542"]
[TimeControl "180+1"]
[EndTime "14:48:56 PDT"]
[Termination "talman67 won by resignation"]

1. d4 Nf6 2. c4 e6 3. Nc3 Bb4 4. Qc2 O-O 5. a3 Bxc3+ 6. Qxc3 d5 7. Bg5 c5 8. cxd5 cxd4 9. Qxd4 Nc6 10. Qd2 Qxd5 11.
Qxd5 Nxd5 12. e3 e5 13. Nf3 f6 14. Bh4 Be6 15. Bc4 Kf7 16. O-O Nb6 17. Bxe6+ Kxe6 18. Nd2 Rfd8 19. Ne4 Rd5 20. Rac1 Ke7 21. Nc5 Nd8 22. f4 Rc8 23. b4 Ne6 24. e4 Rd2 25. fxe5 Rf8 26. Nxb7 g5 27. Bg3 fxe5 28. Rxf8 Kxf8 29. Bxe5 Nd7 30. Bg3 Nd4 31. Rf1+ Ke7 32. Nc5 Nxc5 33. bxc5 Ne2+ 34. Kh1 Nxg3+ 35. hxg3 Rc2 36. Rb1 a5 37. Rb7+ Ke6 38. Rxh7 Rxc5 39. Rg7 Kf6 40. Ra7 Ke5 41. Re7+ Kf6 42. Ra7 Ke5 43. Re7+ Kd4 44. Ra7 Kxe4 45.
Kh2 Kd3 46. Kh3 Kc3 47. Kg4 Kb3 48. Rg7 Kxa3 49. Rxg5 Rxg5+ 50. Kxg5 Kb4 51. Kh6 a4 52. g4 a3 53. g5 a2 54. g6 a1=Q 55. g7 Qf6+ 56.
Kh7 Qf5+ 57. Kh8 Qh5+ 58. Kg8 Kc5 59. Kf8 Qf5+ 60. Ke7 Qg6 61. Kf8 Qf6+ 62. Kg8 Kd6 63. g4 Ke7 64. g5 Qxg5 65. Kh8 Kf7 0-1

[Event "*** Titled Tuesday Blitz"]
[Site "Chess.com"]
[Date "2020.04.07"]
[Round "9"]
[White "Jbd735"]
[Black "fugadelafuga"]
[Result "0-1"]
[WhiteElo "2446"]
[BlackElo "2326"]
[TimeControl "180+1"]
[EndTime "14:48:58 PDT"]
[Termination "fugadelafuga won by checkmate"]

1. e4 c5 2. Nf3 Nc6 3. Bb5 g6 4. Bxc6 dxc6 5. O-O Bg7 6. d3 Nf6 7.
h3 Nd7 8. Nc3 Nf8 9. Be3 b6 10. d4 cxd4 11. Bxd4 Bxd4 12. Qxd4 Qxd4 13. Nxd4 Bd7 14. a4 a5 15. Rfb1 c5 16. Ndb5 Bxb5 17.
axb5 e6 18. Rd1 Rd8 19. Na4 Rxd1+ 20. Rxd1 Nd7 21. f4 Ke7 22. e5 Rb8 23. Kf2 f6 24. exf6+ Nxf6 25. c4 Ne4+ 26. Ke3 Nd6 27. b3 Kd7 28. g4 Kc7 29. Nc3 Ra8 30. Kd3 Rf8 31. Ke3 Ra8 32. Ra1 Re8 33. Rf1 Ra8 34. Ne4 a4 35.
Ra1 a3 36. Nc3 Nb7 37. Nb1 a2 38. Nc3 Ra3 39. Rxa2 Rxb3 40. Kd3 Kb8 41. Re2 Nd8 42. Re3 Ra3 43. Re2 Kc7 44. Re3 Ra1 45. Re2 Ra3 46. Re3 Kd6 47. Kc2 Ra8 48. Rd3+ Ke7 49. Ne4 Ra7 50. g5 Rb7 51. Nf6 Nf7 52. h4 Nd6 53.
Kc3 Nf5 54. Ng8+ Kf7 55. Nf6 h6 56. Rd7+ Rxd7 57. Nxd7 hxg5 58. hxg5 Ng3 59. Nxb6 Ne2+ 60. Kd3 Nxf4+ 61. Ke4 Ne2 62. Nd7 Nc3+ 63. Kd3 Na4 64. Ne5+ Ke7 65. Nxg6+ Kd6 66. Ne5 Kxe5 67. Ke3 Kf5 68. g6 Kxg6 69. Ke4 Kf6 70. Kf4 Nb6 71. Ke4 Nxc4 72. Kd3 Nb6 73. Kc3 Ke5 74. Kd3 Kd5 75. Kc3 c4 76. Kb4 e5 77. Ka5 Nd7 78. b6 Nxb6 79. Kb5 c3 80. Kb4 c2 81. Kb5 c1=Q 82.
Ka6 Nd7 83. Kb7 Qc6+ 84. Ka7 Qb6+ 85. Ka8 Qb8# 0-1

[Event "*** Titled Tuesday Blitz"]
[Site "Chess.com"]
[Date "2020.04.07"]
[Round "9"]
[White "hongnhung1234"]
[Black "AndrewDGreen"]
[Result "0-1"]
[WhiteElo "2172"]
[BlackElo "2327"]
[TimeControl "180+1"]
[EndTime "14:48:58 PDT"]
[Termination "AndrewDGreen won by checkmate"]

1. e4 c5 2. Nc3 g6 3. f4 Bg7 4. Nf3 Nc6 5. Bc4 e6 6. O-O Nge7 7. d3 O-O 8. Qe1 d5 9. Bb3 Na5 10. f5 Nxb3 11. axb3 exf5 12. Qh4 dxe4 13. dxe4 fxe4 14.
Ng5 h6 15. Ngxe4 Nf5 16. Qxd8 Rxd8 17. Bf4 Be6 18. g3 b6 19. Rfd1 Nd4 20. Kg2 Nxc2 21.
Rxd8+ Rxd8 22. Rxa7 Bxb3 23. Bc7 Re8 24. Bxb6 Bd4 25.
Nxc5 Rb8 26. Nxb3 Bxb6 27. Rd7 Ne3+ 28. Kf3 Nc4 29. Kg2 Nxb2 30. Nd5 Bd8 31. Nd4 Nc4 32. Kh3 Ne5 33. Ra7 Bg5 34. Nc3 h5 35. Ne4 Be3 36. Nc2 Bxa7 37. Nf6+ Kg7 38. Nd5 Bc5 39. Nf4 Bf8 40. Nd4 Nd7 41. Nc6 Rb2 42. Nd4 Nf6 43. Nf3 Ng4 44. Nd3 Ra2 45. Nf4 Bc5 46. Ng2 Nf2+ 47.
Kh4 Be7+ 48. Ng5 Ra4+ 49. Nf4 Ne4 50. Kh3 Bxg5 51. Nd5 Nf2+ 52. Kg2 Ng4 53. h4 Ne3+ 54. Kh3 Nxd5 55. hxg5 Ne3 56. Kh2 Nf5 57. Kh3 Rg4 58. Kh2 Rxg3 59. Kh1 Rxg5 60. Kh2 Nh6 61. Kh3 f5 62. Kh4 Rg4+ 63. Kh3 f4 64. Kh2 f3 65. Kh1 f2 66. Kh2 Kh7 67. Kh3 f1=Q+ 68. Kh2 Qg2# 0-1

[Event "*** Titled Tuesday Blitz"]
[Site "Chess.com"]
[Date "2020.04.07"]
[Round "9"]
[White "ecwinslow"]
[Black "Eltarolo"]
[Result "0-1"]
[WhiteElo "2168"]
[BlackElo "2312"]
[TimeControl "180+1"]
[EndTime "14:48:58 PDT"]
[Termination "Eltarolo won on time"]

1. e4 c5 2. Nf3 d6 3. d4 cxd4 4.
Nxd4 Nf6 5. Nc3 g6 6. Be3 Bg7 7. f3 O-O 8. Qd2 Nc6 9. Bc4 Bd7 10. O-O-O Rb8 11. h4 b5 12. Bb3 Ne5 13. h5 Nc4 14. Bxc4 bxc4 15. Kb1 Qb6 16. Qc1 Qb4 17. Ka1 Nxh5 18.
g4 Nf6 19. a3 Qb7 20. Bh6 Rfc8 21. Bxg7 Kxg7 22. Nd5 Be6 23. Nxf6 exf6 24. Qh6+ Kg8 25.
Qxh7+ Kf8 26. Nxe6+ Ke7 27. Rb1 Rh8 28. Qxh8 Rxh8 29.
Rxh8 Kxe6 30. Rd1 Qb6 31. c3 Ke7 32. Rh2 Qe3 33. Rf1 Qd3 34. Rhf2 Kd7 35. Ka2 Kc6 36. a4 Kb6 37. Ka3 Ka5 38. Re1 Kb6 39. f4 Qg3 40. Ref1 Qxg4 41. Rd2 Qe6 42. f5 Qe5 43. Rfd1 Kc6 44.
fxg6 fxg6 45. Rd4 Qc5+ 46. Ka2 Kc7 47. Rd5 Qc6 48. R1d4 Qxa4+ 49. Kb1 Qc6 50. Ra5 a6 51. Rad5 g5 52. Kc1 Kb6 53. Kd2 Kc7 54. Ke2 Kd7 55. Kf3 Ke6 56. Kg4 Ke7 57. Kf5 Qd7+ 58. Kg6 Qe8+ 59. Kg7 Qf7+ 60. Kh6 Qf8+ 61. Kg6 Qg8+ 62. Kf5 Qh7+ 63. Kg4 Qh4+ 64. Kf3 Qh3+ 65. Ke2 Qh2+ 66. Kd1 Qg1+ 67. Kc2 Qg2+ 68. Kb1 Qh1+ 69. Ka2 Kf7 70.
Rxd6 Kg6 71. e5 Kh5 72. Rxf6 Qh2 73. e6 Qc2 74. e7 Qb3+ 75. Kb1 Qb5 76. Re6 Qe8 77.
Rd8 Qf7 78. e8=Q Qxe8 0-1